 Dungeon Crawl Stone Soup version 0.19.5 (webtiles) character file.

8684 JeffiDaFish the Blocker (level 11, -3/69 HPs)
             Began as a Gargoyle Fighter on Mar 10, 2017.
             Was a Priest of Trog.
             Slain by Autoplay's ghost (26 damage)
             ... on level 2 of the Lair of Beasts on Mar 11, 2017.
             The game lasted 00:21:49 (8658 turns).

JeffiDaFish the Blocker (Gargoyle Fighter)          Turns: 8658, Time: 00:21:50

Health: -3/69      AC: 27    Str: 20    XL:     11   Next: 34%
Magic:  0/11       EV:  6    Int:  9    God:    Trog [***...]
Gold:   206        SH: 17    Dex: 12    Spells: 0 memorised, 10 levels left

rFire  . . .     SeeInvis .     g - +2 whip (elec)
rCold  + . .     Gourm    .     o - +0 chain mail
rNeg   + . .     Faith    .     q - +0 large shield "Nufabaxzig" {rC+}
rPois  ∞         Spirit   +     h - +0 helmet
rElec  +         Reflect  .     a - +0 cloak
rCorr  .         Harm     .     p - +0 pair of gloves
MR     .....                    b - +0 pair of boots
Stlth  ..........               e - amulet of guardian spirit
                                (no ring)
                                k - +3 ring of protection

@: no status effects
A: negative energy resistance 1, electricity resistance, unbreathing,
petrification resistance, rot immunity, AC +7
a: Berserk, Trog's Hand, Burn Spellbooks, Renounce Religion


You were on level 2 of the Lair of Beasts.
You worshipped Trog.
Trog was most pleased with you.
You were not hungry.

You visited 3 branches of the dungeon, and saw 14 of its levels.

You collected 526 gold pieces.
You spent 320 gold pieces at shops.

Inventory:

Hand Weapons
 g - a +2 whip of electrocution (weapon)
 u - a +0 hand crossbow
Missiles
 v - 49 bolts
Armour
 a - a +0 cloak (worn)
 b - a +0 pair of boots (worn)
 h - a +0 helmet (worn)
 o - a +0 chain mail (worn)
 p - a +0 pair of gloves (worn)
 q - the +0 large shield "Nufabaxzig" (worn) {rC+}
   (You bought it in a shop on level 7 of the Dungeon)

   It protects you from cold.
Jewellery
 e - an amulet of guardian spirit (around neck)
 k - a +3 ring of protection (left hand)
Wands
 l - a wand of teleportation (4/9)
Scrolls
 i - 5 scrolls of remove curse
 s - 5 scrolls of teleportation
 w - 2 scrolls of fear
 y - 3 scrolls of identify
Potions
 c - 2 potions of curing
 d - 5 potions of might
 j - a potion of berserk rage
Comestibles
 f - 5 bread rations
 m - 2 beef jerkies
 n - 3 meat rations
 t - 7 fruits
 x - a slice of pizza
 z - 4 chunks of flesh


   Skills:
 * Level 8.3 Fighting
 * Level 9.2 Maces & Flails
 + Level 2.4 Crossbows
 * Level 8.7 Armour
 - Level 3.7 Dodging
 - Level 1.7 Stealth
 * Level 10.7 Shields


You had 10 spell levels left.
You didn't know any spells.

Dungeon Overview and Level Annotations

Branches:
Dungeon (11/15)            Temple (1/1) D:4            Lair (2/6) D:8
  Swamp: Lair:2-4    Shoals: Lair:2-4     Snake: Lair:2-4    Spider: Lair:2-4
    Orc: D:9-12

Altars:
Ashenzari
Dithmenos
Fedhas
Gozag
Kikubaaqudgha
Okawaru
Ru
Sif Muna
Trog
Vehumet

Shops:
D:7 [

Annotations:
Lair:2 Autoplay's ghost, journeyman TrMo


Innate Abilities, Weirdness & Mutations

You are resistant to torment.
Your stone body is resilient. (AC +7)
You are immune to poison.
You resist negative energy. (rN+)
You are resistant to electric shocks. (rElec)
You can survive without breathing.
You are immune to petrification.
You are immune to rotting.


Message History

You hit Autoplay's ghost but do no damage.
Autoplay's ghost is lightly damaged.
The water moccasin bites you but does no damage.
Autoplay's ghost hits you but does no damage.
You hit Autoplay's ghost but do no damage.
There is a sudden explosion of sparks!
Autoplay's ghost is moderately damaged.
You block the water moccasin's attack. Autoplay's ghost hits you!!
* * * LOW HITPOINT WARNING * * *
A bullfrog comes into view.
Okay, then.
You feel much better. Autoplay's ghost hits you!
You block the bullfrog's attack. You block the bullfrog's attack.
You block the bullfrog's attack. x2
The bullfrog barely misses you.
There is a stone staircase leading up here.
You block the bullfrog's attack. Autoplay's ghost hits you!!
You die...

..........#...##......
......................
#........#8.>.8#.....# #
##........#..........## ###
#.#.......##.8......... #P####
###...........###.......#
..##.###.....................PP#
..........#.#....W...........###
#...##.#.#.#....@F....>.....##
..#..#......#####S....#P#####
...##..........###...####
..............###....###
...............###.....#
................##.....##
...............###.../..#
................#.#...†.##
..............P###......P#


You could see a water moccasin, a bullfrog and Autoplay's ghost.

Vanquished Creatures
  Erica (Lair:1)
  An unseen horror (D:11)
  Pikel (D:6)
  A deep elf mage (D:11)
  2 spiny frogs (Lair:1)
  3 hippogriffs (Lair:1)
  Eustachio (D:6)
  13 yaks
  2 water moccasins
  A porcupine (Lair:1)
  4 ice beasts
  2 slaves (D:5)
  A sky beast (D:10)
  A necrophage (D:7)
  9 ogres
  6 centaurs
  A big kobold (D:11)
  2 crocodiles
  5 bullfrogs
  A scorpion (D:11)
  5 wights (D:8)
  2 howler monkeys
  3 crimson imps
  3 jellies
  2 centaur skeletons
  4 hounds
  2 bullfrog skeletons
  An orc priest (D:5)
  3 iguanas
  A worker ant (D:7)
  3 orc wizards (D:7)
  A killer bee zombie (D:6)
  A howler monkey zombie (D:6)
  A worker ant zombie (D:6)
  5 gnolls
  7 adders
  A shadow imp (D:6)
  4 worms
  4 dart slugs
  2 leopard geckos (D:4)
  6 orcs
  6 giant cockroaches
  5 hobgoblins
  6 jackals
  8 kobolds
  2 quokkas
  2 ball pythons
  5 bats
  2 frilled lizards (D:1)
  5 goblins
  A jackal skeleton (D:7)
  A leopard gecko skeleton (D:4)
  A quokka zombie (D:6)
  9 rats
  A fungus (D:8)
173 creatures vanquished.

Vanquished Creatures (others)
  A sky beast (D:6)
  A slave (D:6)
  A gnoll (D:6)
3 creatures vanquished.

Grand Total: 176 creatures vanquished

Notes
Turn   | Place    | Note
-------+----------+-------------------------------------------
     0 | D:1      | JeffiDaFish the Gargoyle Fighter began the quest for the Orb.
     0 | D:1      | Reached XP level 1. HP: 14/14 MP: 1/1
   161 | D:1      | Reached XP level 2. HP: 19/19 MP: 2/2
   620 | D:1      | Reached XP level 3. HP: 23/23 MP: 3/3
  1400 | D:2      | Reached XP level 4. HP: 22/29 MP: 4/4
  1891 | D:3      | Found a sacrificial altar of Ru.
  2054 | D:3      | You fall through a shaft!
  2072 | D:4      | Noticed an ogre
  2079 | D:4      | Killed an ogre
  2079 | D:4      | Reached skill level 4 in Shields
  2079 | D:4      | Reached XP level 5. HP: 10/33 MP: 2/5
  2458 | D:4      | Reached XP level 6. HP: 35/39 MP: 4/6
  2841 | D:4      | Found a staircase to the Ecumenical Temple.
  2847 | Temple   | Entered the Ecumenical Temple
  2868 | Temple   | Became a worshipper of Trog the Wrathful
  2983 | D:4      | Found a blossoming altar of Fedhas.
  3116 | D:5      | Entered Level 5 of the Dungeon
  3138 | D:5      | Reached skill level 1 in Dodging
  3206 | D:5      | Reached XP level 7. HP: 37/44 MP: 7/7
  3339 | D:5      | Reached skill level 5 in Maces & Flails
  3339 | D:5      | Reached skill level 5 in Shields
  3410 | D:5      | Found an ancient bone altar of Kikubaaqudgha.
  3665 | D:5      | Found an iron altar of Okawaru.
  3839 | D:5      | Found an opulent altar of Gozag.
  3942 | D:6      | Noticed Pikel
  3948 | D:6      | Paralysed by Pikel for 7 turns
  4306 | D:6      | Killed Pikel
  4306 | D:6      | Reached skill level 5 in Fighting
  4306 | D:6      | Reached skill level 5 in Armour
  4306 | D:6      | Reached skill level 1 in Stealth
  4306 | D:6      | Reached skill level 6 in Shields
  4306 | D:6      | Reached XP level 8. HP: 30/49 MP: 8/8
  4640 | D:6      | Reached * piety under Trog
  4640 | D:6      | Reached skill level 7 in Shields
  4640 | D:6      | Reached XP level 9. HP: 54/55 MP: 9/9
  4817 | D:6      | Noticed Eustachio
  4840 | D:6      | Killed Eustachio
  4940 | D:7      | Found Bounous's Armour Shoppe.
  4943 | D:7      | Bought a +0 chain mail for 72 gold pieces
  4943 | D:7      | Bought the cursed +0 large shield "Nufabaxzig" {rC+} for 248 gold pieces
  5002 | D:7      | Found a shadowy altar of Dithmenos.
  5293 | D:7      | Reached skill level 8 in Shields
  5718 | D:8      | Reached ** piety under Trog
  5866 | D:8      | Reached XP level 10. HP: 61/61 MP: 10/10
  6046 | D:8      | You fall through a shaft for 3 floors!
  6055 | D:11     | Reached skill level 9 in Shields
  6149 | D:11     | Killed an unseen horror
  6322 | D:11     | Noticed a deep elf mage
  6333 | D:11     | Noticed a smoke demon
  6333 | D:11     | Killed a deep elf mage
  6360 | D:10     | Entered Level 10 of the Dungeon
  6445 | D:9      | Reached skill level 1 in Crossbows
  6603 | D:8      | Found a staircase to the Lair.
  6866 | Lair:1   | Entered Level 1 of the Lair of Beasts
  6898 | Lair:1   | Reached skill level 10 in Shields
  7178 | Lair:1   | Found a radiant altar of Vehumet.
  7186 | Lair:1   | Noticed Erica
  7221 | Lair:1   | Killed Erica
  7221 | Lair:1   | Reached XP level 11. HP: 14/68 MP: 3/11
  7873 | Lair:1   | Reached *** piety under Trog
  8633 | Lair:2   | Noticed Autoplay's ghost (journeyman TrMo)
  8658 | Lair:2   | Slain by Autoplay's ghost

Skill      XL: |  1  2  3  4  5  6  7  8  9 10 11 |
---------------+----------------------------------+-----
Fighting       | 4 5 6 7 8 |  8.3
Maces & Flails | 3 4 5 6 7 8 9 |  9.2
Shields        | 4 6 7 8 10 | 10.7
Armour         | 4 5 6 8 |  8.7
Dodging        | 1 2 3 |  3.7
Stealth        | 1 |  1.7
Crossbows      | 2 |  2.4

Action                   |  1- 3 |  4- 6 |  7- 9 | 10-12 || total
-------------------------+-------+-------+-------+-------++-------
Melee: Flail             |    66 |    23 |       |       ||    89
       Whip              |    62 |   107 |   439 |   324 ||   932
  Use: Scroll            |     5 |     5 |     2 |     1 ||    13
       Potion            |     6 |     2 |       |     3 ||    11
 Stab: Fleeing           |       |       |     1 |       ||     1
  Eat: Chunk             |     2 |     6 |     9 |     9 ||    26
Armor: Scale mail        |    76 |    44 |   195 |       ||   315
       Chain mail        |       |       |    41 |   131 ||   172
Dodge: Dodged            |    36 |    42 |   103 |    43 ||   224
Block: Shield            |    67 |    55 |   171 |       ||   293
       Large shield      |       |       |    93 |   246 ||   339
